 Dungeon Crawl Stone Soup version 0.31-a0-818-ge7c7cf74f0 (webtiles) character file.

Game seed: 17673252467476144422

1693 Kurtz the Cleaver (level 9, 0/56 HPs)
             Began as an Octopode Fighter on Sept 22, 2023.
             Was an Initiate of Yredelemnul.
             Slain by a steam dragon (5 damage)
             ... on level 6 of the Dungeon.
             The game lasted 00:05:57 (5377 turns).

Kurtz the Cleaver (Octopode Fighter)                Turns: 5377, Time: 00:05:58

Health: 0/56       AC:  5    Str: 17    XL:     9   Next: 2%
Magic:  13/13      EV: 15    Int: 13    God:    Yredelemnul [......]
Gold:   155        SH:  5    Dex: 16    Spells: 13/13 levels left

rFire   . . .        a - +0 war axe
rCold   . . .        b - +0 buckler
rNeg    . . .        (helmet restricted)
rPois   +            (no amulet)
rElec   .            m - +6 ring of intelligence
rCorr   +            h - ring of poison resistance
SInv    +            y - ring of Todaunez {rCorr AC+4 Str+2 Int-3 SInv}
Will    .....        (no ring)
Stlth   ++           (no ring)
HPRegen 0.29/turn    (no ring)
MPRegen 0.13/turn    (no ring)
                     (no ring)

%: no passive effects
@: no status effects
A: almost no armour, amphibious, 8 rings, camouflage 1, gelatinous body 1,
(nimble swimmer 1), tentacles
a: Renounce Religion, Recall Undead Harvest


You were on level 6 of the Dungeon.
You worshipped Yredelemnul.
Yredelemnul was noncommittal.
You visited 1 branch of the dungeon, and saw 6 of its levels.

You collected 155 gold pieces.

Inventory:

Hand Weapons
 a - a +0 war axe (weapon)
Missiles
 d - 15 poisoned darts
 r - a throwing net
Armour
 b - a +0 buckler (worn)
Jewellery
 h - a ring of poison resistance (right tentacle)
 m - a +6 ring of intelligence (left tentacle)
 y - the ring of Todaunez (on tentacle) {rCorr AC+4 Str+2 Int-3 SInv}
   (You found it on level 4 of the Dungeon)

   [ring of protection]

   AC+4:      It affects your AC (+4).
   Str+2:     It affects your strength (+2).
   Int-3:     It affects your intelligence (-3).
   SInv:      It lets you see invisible.
   rCorr:     It protects you from acid and corrosion.
Wands
 q - a wand of digging (3)
 B - a wand of roots (13)
 C - a wand of paralysis (6)
Scrolls
 e - 3 scrolls of acquirement {unknown}
 f - 2 scrolls of identify {unknown}
 g - a scroll of enchant weapon {unknown}
 i - a scroll of summoning {unknown}
 k - a scroll of teleportation {unknown}
 l - a scroll of fear {unknown}
 p - a scroll of enchant armour {unknown}
 t - a scroll of vulnerability {unknown}
 u - a scroll of brand weapon {unknown}
 v - a scroll of amnesia {unknown}
 x - a scroll of blinking {unknown}
Potions
 j - a potion of lignification {unknown}
 n - 2 potions of heal wounds {unknown}
 o - 2 potions of curing {unknown}
 s - 2 potions of degeneration {unknown}
 w - 4 potions of enlightenment {unknown}
 z - 2 potions of magic {unknown}
 A - 2 potions of resistance {unknown}


   Skills:
 - Level 3.0 Fighting
 * Level 8.8 Axes
 * Level 5.0 Dodging
 * Level 4.5 Shields
 * Level 2.7 Spellcasting
 * Level 3.5 Invocations


You had 13 spell levels left.
You didn't know any spells.
Your spell library was empty.

Dungeon Overview and Level Annotations

Branches:
Dungeon (6/15)             Temple (0/1) D:4

Altars:
Elyvilon
Trog
Uskayaw
Vehumet
Wu Jian
Yredelemnul
Zin


Innate Abilities, Weirdness & Mutations

You cannot wear most types of armour.
You are amphibious.
You can wear up to eight rings at the same time.
Your skin changes colour to match your surroundings (Stealth+).
Your rubbery body absorbs attacks. (AC +1, EV +1)
((You are camouflaged when in or above water. (Stealth+)))
You have tentacles for arms and can constrict up to eight enemies at once.


Message History

You start resting.
HP restored.
There is a stone staircase leading down here.
You climb downwards.
There is a stone staircase leading up here.
Nothing appears to have answered your call.
A steam dragon is nearby!
No target in view!
The steam dragon hisses angrily.
You hit the steam dragon but do no damage.
The steam dragon barely misses you. The steam dragon claws you.
The steam dragon breathes steam at you. The ball of steam hits you!!
You hit the steam dragon.
The steam dragon is lightly wounded.
You are engulfed in a cloud of scalding steam.
The steam dragon bites you but does no damage.
The steam dragon misses you.
You hit the steam dragon. You squeeze the steam dragon!
The steam dragon is severely wounded.
You are engulfed in a cloud of scalding steam.
The steam dragon closely misses you.
The steam dragon claws you but does no damage.
You barely miss the steam dragon.
The steam dragon is severely wounded.
You are engulfed in a cloud of scalding steam.
The steam dragon misses you. The steam dragon closely misses you.
You completely miss the steam dragon. You squeeze the steam dragon.
The steam dragon is almost dead.
The steam dragon breathes steam at you. The ball of steam hits you!!
* * * LOW HITPOINT WARNING * * *
Unknown command.
You completely miss the steam dragon. Your squeeze misses the steam dragon.
The steam dragon is almost dead.
You are engulfed in a cloud of scalding steam.
* * * LOW HITPOINT WARNING * * *
The steam dragon bites you.
You die...
Your body rises from the dead as a mindless zombie.

..... ........
#.#.####.>##.#
#.#.##.<.....#
#.#.##.#.....##..
#.#.##.[)........
##.#.###.#..#.##..
###.<..###.#..#.#
#...).#......#§..#
#.###.....D@§§§.##
##....####.##
####...Z.##
####...# ##?##
...# ..§.# ....~#
..D~≈


You could see a steam dragon (catching breath).

Vanquished Creatures
  3 yaks (D:5)
  A steam dragon (D:6)
  A black bear (D:5)
  An ice beast (D:5)
  A phantom (D:6)
  A bullfrog (D:5)
  3 scorpions
  A centaur zombie (D:5)
  A hound (D:5)
  A bullfrog zombie (D:5)
  2 jellies (D:5)
  2 orc priests (D:6)
  2 orc wizards
  2 iguanas
  A scorpion zombie (D:5)
  8 adders
  A worm (D:3)
  3 dart slugs
  9 orcs
  5 bats
  6 endoplasms
  4 giant cockroaches
  8 hobgoblins
  8 jackals
  7 kobolds
  A quokka (D:4)
  6 ball pythons
  3 frilled lizards
  10 goblins
  6 rats
108 creatures vanquished.

Vanquished Creatures (collateral kills)
  A jelly (D:4)
  A bullfrog zombie (D:5)
  A hound zombie (D:5)
  An adder (D:5)
  A bat (D:1)
  An endoplasm (D:3)
  A hobgoblin (D:3)
  A ball python (D:2)
  A frilled lizard (D:1)
9 creatures vanquished.

Vanquished Creatures (others)
  An adder zombie (D:6)
  A bat zombie (D:1)
  An endoplasm zombie (D:4)
  2 goblin zombies (D:4)
  A hobgoblin zombie (D:4)
  4 orc zombies
10 creatures vanquished.

Grand Total: 127 creatures vanquished

Notes
Turn   | Place    | Note
-------+----------+-------------------------------------------
     0 | D:1      | Kurtz the Octopode Fighter began the quest for the Orb.
     0 | D:1      | Reached XP level 1. HP: 16/16 MP: 1/1
    61 | D:1      | Reached XP level 2. HP: 21/21 MP: 2/2
   100 | D:1      | Found a faded altar of an unknown god.
   202 | D:1      | Reached skill level 3 in Axes
   217 | D:1      | Prayed at the altar of an unknown god.
   217 | D:1      | Became a worshipper of Yredelemnul the Dark
   217 | D:1      | Reached * piety under Yredelemnul
   714 | D:1      | Reached ** piety under Yredelemnul
   715 | D:1      | Reached XP level 3. HP: 13/26 MP: 3/3
  1858 | D:3      | Reached XP level 4. HP: 31/31 MP: 4/4
  2223 | D:3      | Reached skill level 1 in Invocations
  2720 | D:4      | Found a staircase to the Ecumenical Temple.
  2729 | D:4      | Reached skill level 4 in Axes
  2934 | D:4      | Noticed a scorpion
  2939 | D:4      | Killed a scorpion
  2940 | D:4      | Reached skill level 1 in Spellcasting
  2940 | D:4      | Reached XP level 5. HP: 18/36 MP: 6/6
  3163 | D:4      | Found a hide-covered altar of Uskayaw.
  3166 | D:4      | Found a white marble altar of Elyvilon.
  3190 | D:4      | Found a radiant altar of Vehumet.
  3193 | D:4      | Found a glowing silver altar of Zin.
  3195 | D:4      | Found a bloodstained altar of Trog.
  3200 | D:4      | Found an ornate altar of the Wu Jian Council.
  3214 | D:4      | Reached skill level 5 in Axes
  3214 | D:4      | Reached XP level 6. HP: 18/42 MP: 7/7
  3579 | D:4      | Identified the ring of Todaunez {rCorr AC+4 Str+2 Int-3
                  | SInv}
  3934 | D:5      | Entered Level 5 of the Dungeon
  3934 | D:5      | Noticed a yak
  3934 | D:5      | Noticed a yak
  3935 | D:5      | Noticed a yak
  3998 | D:5      | Killed a yak
  3999 | D:5      | Reached XP level 7. HP: 43/46 MP: 6/9
  4003 | D:5      | Reached skill level 6 in Axes
  4015 | D:5      | Killed a yak
  4113 | D:5      | Killed a yak
  4114 | D:5      | Reached skill level 7 in Axes
  4275 | D:5      | Reached XP level 8. HP: 50/52 MP: 11/11
  4650 | D:5      | Reached *** piety under Yredelemnul
  4801 | D:5      | Reached skill level 8 in Axes
  4912 | D:5      | Found a basalt altar of Yredelemnul.
  5194 | D:6      | Reached skill level 5 in Dodging
  5194 | D:6      | Reached XP level 9. HP: 19/56 MP: 13/13
  5377 | D:6      | Slain by a steam dragon

Illustrated notes

Levels and vault maps discovered:
D:1:      eino_arrival_water_star, layout_basic,
          ebering_ecumenical_altar_petrified
D:2:      layout_basic, serial_curves, eino_curves_01, eino_curves_04
D:3:      layout_basic, minmay_goblin_kobold_house
D:4:      layout_loops_cross, nicolae_overflow_hallway_of_the_gods,
          minmay_temple_entry_stoned_glass, supply_closet_lemuel,
          grunt_ministairs_13
D:5:      layout_loops_cross, nicolae_yredelemnul_corpse_copse,
          small_statue_intersection
D:6:      cheibrodos_steamvent, layout_loops_ring,
          nicolae_ru_the_path_less_chosen

Skill      XL: |  1  2  3  4  5  6  7  8 |
---------------+-------------------------+-----
Axes           | 3 4 5 7 8 |  8.8
Invocations    | 1 2 3 |  3.5
Spellcasting   | 1 2 |  2.7
Dodging        | 4 5 |  5.0
Shields        | 4 |  4.5
Fighting       | |  3.0

Action                     |  1- 3 |  4- 6 |  7- 9 || total
---------------------------+-------+-------+-------++-------
  Melee: War axe           |    57 |    87 |   109 ||   253
         Constrict         |    17 |    17 |    13 ||    47
         Tentacles         |     6 |    13 |    26 ||    45
         Punch             |     1 |     2 |     1 ||     4
 Invoke: Recall Undead Har |       |     1 |     1 ||     2
    Use: Potion            |       |       |     1 ||     1
   Stab: Sleeping          |     7 |     5 |     2 ||    14
         Distracted        |       |       |     1 ||     1
 Armour: Skin              |    16 |    39 |    71 ||   126
  Dodge: Dodged            |    32 |    51 |    71 ||   154
  Block: Buckler           |    17 |    19 |    20 ||    56

Table legend: (Time is in decaauts)
 A = Elapsed time spent in this place.
 B = Non-inter-level travel time spent in this place.
 C = Inter-level travel time spent in this place.
 D = Time resting spent in this place.
 E = Time spent auto-exploring this place.
 F = Levels seen in this place.
 G = Mean time per level.
                   A        B        C        D        E       F      G
               +--------+--------+--------+--------+--------+-----+--------+
         Total |   5442 |   5192 |    250 |    957 |   3456 |   6 |  907.0 |
       Dungeon |   5442 |   5192 |    250 |    957 |   3456 |   6 |  907.0 |
               +--------+--------+--------+--------+--------+-----+--------+

Top non-repeatable levels by time:
     D:4: 1381 daAuts
     D:5: 1170 daAuts
     D:2: 980 daAuts
     D:3: 911 daAuts
     D:1: 838 daAuts
     D:6: 160 daAuts
